 Dungeon Crawl Stone Soup version 0.28-a0-909-g796cbd3a86 (webtiles) character file.

Game seed: 8780296064996392584

59 gigimoi the Skirmisher (level 3, -1/49 HPs)
             Began as a Draconian Berserker on Nov 24, 2021.
             Was a Believer of Trog.
             Slain by a gnoll (14 damage)
             ... on level 2 of the Dungeon.
             The game lasted 00:02:08 (1213 turns).

gigimoi the Skirmisher (Draconian Berserker)        Turns: 1213, Time: 00:02:09

Health: -1/49      AC:  5    Str: 20    XL:     3   Next: 78%
Magic:  3/3        EV: 12    Int:  7    God:    Trog [**....]
Gold:   55         SH:  0    Dex: 10    Spells: 2/2 levels left

rFire   . . .      SeeInvis .   a - +0 spear
rCold   . . .      Faith    .   (no shield)
rNeg    . . .      Spirit   .   (armour unavailable)
rPois   .          Reflect  .   (helmet restricted)
rElec   .          Harm     .   (no cloak)
rCorr   .          Rampage  .   (no gloves)
Will    .....                   (no boots)
Stlth   ..........              (no amulet)
HPRegen 0.16/turn               (no ring)
MPRegen 0.08/turn               (no ring)

@: berserking, very quick
A: AC +5, unfitting armour, cold-blooded
a: Renounce Religion, Berserk, Trog's Hand


You were on level 2 of the Dungeon.
You worshipped Trog.
Trog was pleased with you.
You visited 1 branch of the dungeon, and saw 2 of its levels.

You collected 55 gold pieces.

Inventory:

Hand Weapons
 a - a +0 spear (weapon)
Scrolls
 b - a scroll of fear {unknown}
 e - a scroll of teleportation {unknown}
 g - a scroll of vulnerability {unknown}
 h - 3 scrolls of identify {unknown}
Potions
 c - a potion of attraction {unknown}
 d - a potion of mutation {unknown}
 f - a potion of resistance {unknown}
 i - a potion of flight {unknown}


   Skills:
 + Level 4.0 Fighting
 + Level 3.6 Polearms
 + Level 3.3 Dodging


You had 2 spell levels left.
You didn't know any spells.
Your spell library was empty.

Dungeon Overview and Level Annotations

Branches:
Dungeon (2/15)

Altars:


Innate Abilities, Weirdness & Mutations

Your plain brown scales are hard. (AC +5)
You cannot fit into any form of body armour.
You are cold-blooded and may be slowed by cold attacks.


Message History

The gnoll is heavily wounded.
You hit the gnoll but do no damage.
The gnoll is heavily wounded.
The gnoll misses you. x2
You hit the gnoll but do no damage.
The gnoll is heavily wounded.
The gnoll hits you but does no damage. The gnoll completely misses you.
You hit the gnoll.
Your tail-slap misses the gnoll.
The gnoll is severely wounded.
The gnoll hits you from afar with a +0 halberd.
The gnoll hits you with a +0 club.
You are too injured to fight recklessly!
You are too injured to fight recklessly!
You are too injured to fight recklessly!
You are too injured to fight recklessly!
You are too injured to fight recklessly!
You are too injured to fight recklessly!
You are too injured to fight recklessly!
You are too injured to fight recklessly!
You are too injured to fight recklessly!
You are too injured to fight recklessly!
You are too injured to fight recklessly!
You are too injured to fight recklessly!
A red film seems to cover your vision as you go berserk!
You feel yourself moving faster!
You feel mighty! The gnoll misses you.
The gnoll hits you from afar with a +0 halberd.
Okay, then.
You barely miss the gnoll.
The gnoll is severely wounded.
The gnoll hits you but does no damage. The gnoll barely misses you.
You barely miss the gnoll. You tail-slap the gnoll.
You kill the gnoll!
Trog accepts your kill. The gnoll hits you with a +0 halberd!
* * * LOW HITPOINT WARNING * * *
The gnoll misses you.
You see here a +0 club.
You closely miss the gnoll.
The gnoll hits you from afar with a +0 halberd!
You die...

#.####.##>....#
#.# #.#
#.##.....# #.#
#.# #..........
.. #.#
#.##########
#.# #.# #.# #.#
#.# ...
#.##########
#...@ggg....
############


You could see 3 gnolls.

Vanquished Creatures
  A gnoll (D:2)
  5 bats
  9 endoplasms
  A giant cockroach (D:1)
  7 goblins
  A hobgoblin (D:1)
  5 jackals
  3 quokkas
  2 ball pythons (D:1)
  A frilled lizard (D:2)
  6 kobolds
  A rat (D:1)
42 creatures vanquished.

Notes
Turn   | Place    | Note
-------+----------+-------------------------------------------
     0 | D:1      | gigimoi the Draconian Berserker began the quest for the
                  | Orb.
     0 | D:1      | Reached XP level 1. HP: 19/19 MP: 1/1
    56 | D:1      | Found a faded altar of an unknown god.
    61 | D:1      | Reached XP level 2. HP: 22/26 MP: 2/2
   664 | D:1      | Reached XP level 3. HP: 25/33 MP: 3/3
   754 | D:1      | Reached ** piety under Trog
  1180 | D:2      | Reached skill level 4 in Fighting
  1213 | D:2      | Slain by a gnoll

Illustrated notes

Levels and vault maps discovered:
D:1:      eino_arrival_tree_alley, layout_basic, basic_ecumenical_altar
D:2:      layout_basic

Skill      XL: |  1  2  3 |
---------------+----------+-----
Dodging        | 3 |  3.3
Fighting       | 4 |  4.0
Polearms       | |  3.6

Action                   || total
-------------------------++-------
Melee: Spear             ||   117
       Tailslap          ||    10
Invok: Berserk           ||     2
 Stab: Sleeping          ||     3
       Distracted        ||     1
Armor: Skin              ||    15
Dodge: Dodged            ||    62

Table legend: (Time is in decaauts)
 A = Elapsed time spent in this place.
 B = Non-inter-level travel time spent in this place.
 C = Inter-level travel time spent in this place.
 D = Time resting spent in this place.
 E = Time spent auto-exploring this place.
 F = Levels seen in this place.
 G = Mean time per level.
                   A        B        C        D        E       F      G
               +--------+--------+--------+--------+--------+-----+--------+
         Total |   1217 |   1196 |     21 |      0 |    946 |   2 |  608.5 |
       Dungeon |   1217 |   1196 |     21 |      0 |    946 |   2 |  608.5 |
               +--------+--------+--------+--------+--------+-----+--------+

Top non-repeatable levels by time:
     D:1: 963 daAuts
     D:2: 254 daAuts
